 Dungeon Crawl Stone Soup version 0.27.1-1-g398f81649c (webtiles) character file.

Game seed: 12050089141909058729

2 Elvor the Sneak (level 1, -4/14 HPs)
             Began as a Gargoyle Delver on Sept 15, 2021.
             Slain by a gnoll sergeant (5 damage)
             ... on level 5 of the Dungeon.
             The game lasted 00:01:28 (53 turns).

Elvor the Sneak (Gargoyle Delver)                     Turns: 53, Time: 00:01:28

Health: -4/14      AC:  5    Str: 15    XL:     1   Next: 40%
Magic:  1/1        EV: 11    Int: 10    God:
Gold:   0          SH:  0    Dex: 11    Spells: 0/0 levels left

rFire    . . .     SeeInvis .   a - +0 mace
rCold    . . .     Faith    .   (no shield)
rNeg     + . .     Spirit   .   b - +0 leather armour
rPois    ∞         Reflect  .   (no helmet)
rElec    +         Harm     .   (no cloak)
rCorr    .         Rampage  .   (no gloves)
Will     .....                  (no boots)
Stlth    +++.......             (no amulet)
HPRegen  0.04/turn              (no ring)
MPRegen  0.07/turn              (no ring)

@: hasted, very quick
A: sickness immunity, AC +2, negative energy resistance 1, electricity
resistance, torment resistance 1, petrification resistance
a: no special abilities


You were on level 5 of the Dungeon.
You visited 1 branch of the dungeon, and saw 1 of its levels.

Inventory:

Hand Weapons
 a - a +0 mace (weapon)
Armour
 b - a +0 leather armour (worn)
Wands
 g - a wand of digging (3)
Scrolls
 c - a scroll of fog
 e - a scroll of fear


   Skills:
 + Level 3.3 Fighting
 + Level 2.0 Maces & Flails
 + Level 1.5 Dodging
 + Level 5.6 Stealth


You couldn't memorise any spells.
You didn't know any spells.
Your spell library was empty.

Dungeon Overview and Level Annotations

Branches:
Dungeon (5/15)
 Temple: D:4-7

Altars:

Portals:
Sewer: D:5


Innate Abilities, Weirdness & Mutations

You are immune to sickness and miasma.
Your stone body is resilient. (AC +2)
You are immune to poison.
You resist negative energy. (rN+)
You are resistant to electric shocks. (rElec)
You are resistant to unholy torment.
You are immune to petrification.


Message History

3 giant cockroaches come into view.
Found a glowing drain.
The hound pauses to sniff the water.
Why would you want to do that?
The helpless giant cockroach fails to defend itself.
You hit the giant cockroach.
The giant cockroach is heavily wounded.
The hound closely misses you. The giant cockroach bites you.
You barely miss the giant cockroach.
The giant cockroach is heavily wounded.
The hound splashes around in the water.
The giant cockroach misses you.
You hit the giant cockroach but do no damage.
The giant cockroach is heavily wounded.
The hound bites you but does no damage.
The giant cockroach bites you but does no damage.
You hit the giant cockroach but do no damage.
The giant cockroach is heavily wounded.
The hound splashes around in the water.
The giant cockroach bites you but does no damage.
The hound bites you but does no damage.
You hit the giant cockroach.
The giant cockroach is severely wounded.
You hear the slow rusting of a drain.
A gnoll comes into view. It is wielding a +0 spear.
The giant cockroach bites you but does no damage.
You closely miss the giant cockroach.
The giant cockroach is severely wounded.
The giant cockroach bites you.
You closely miss the giant cockroach.
The giant cockroach is severely wounded.
The gnoll shouts!
You hear a shout!
The two-headed ogre barely misses you.
The two-headed ogre hits you with a +0 dire flail!
Ouch! That really hurt!
* * * LOW HITPOINT WARNING * * *
The giant cockroach closely misses you.
You thump the giant cockroach!
You kill the giant cockroach!
The gnoll sergeant hits you from afar with a +4 spear of distortion.
You die...

*,,,,,,,,**,,,###.≈≈......***,,,,
,,,,,,,***≈,..≈##.≈#######***,,,,
,,,,,,,,,*,≈#≈B≈#≈g# *****,,,,,
,,,,,,,,**≈≈#≈≈≈#≈≈# *,,,,,*,**
,,,,,,,,**,≈#≈B≈#≈.# *,,,*,,,*
,,,,,,,,**≈≈#≈∩≈#≈†# *,,,,<***
,,,,,,,,**≈≈#≈.≈#≈g# *,,,***
,,,,,,,,,*≈≈#≈.≈#≈≈# *,,,*
*,,,,,**,≈≈,*#≈B@Oh# *****
********,≈≈≈*##r..## *,,≈** #####
*****


You could see a two-headed ogre, a gnoll sergeant, a hound, a gnoll, a quokka
and 3 giant cockroaches.

Vanquished Creatures
  2 giant cockroaches (D:5)
  A quokka (D:5)
3 creatures vanquished.

Notes
Turn   | Place    | Note
-------+----------+-------------------------------------------
     0 | D:5      | Elvor the Gargoyle Delver began the quest for the Orb.
     0 | D:5      | Reached XP level 1. HP: 14/14 MP: 1/1
     3 | D:5      | Noticed a sky beast
    15 | D:5      | Noticed a two-headed ogre
    23 | D:5      | Noticed a gnoll sergeant
    26 | D:5      | Noticed a hound
    45 | D:5      | Found a glowing drain.
    53 | D:5      | Slain by a gnoll sergeant

Illustrated notes

Levels and vault maps discovered:
D:5:      layout_rooms, gup_sewer_entry_pipe

Action                   || total
-------------------------++-------
Melee: Mace              ||    11
  Use: Scroll            ||     1
       Potion            ||     1
 Stab: Sleeping          ||     1
Armor: Leather armour    ||     6
Dodge: Dodged            ||     8
